 Dungeon Crawl Stone Soup version 0.25-a0-696-g42a9e46d90 (webtiles) character file.

Game seed: 2434404036828309262, levelgen mode: deterministic

39379 Hartz the Geomancer (level 14, 0/86 HPs)
             Began as a Gargoyle Earth Elementalist on Mar 31, 2020.
             Was a High Priest of Vehumet.
             Killed from afar by a frost giant (33 damage)
             ... with a bolt of cold
             ... in an ice cave.
             The game lasted 00:46:02 (15059 turns).

Hartz the Geomancer (Gargoyle Earth Elementalist)  Turns: 15059, Time: 00:46:02

Health: 0/86       AC: 23    Str: 13    XL:     14   Next: 6%
Magic:  14/27      EV: 16    Int: 24    God:    Vehumet [*****.]
Gold:   2309       SH:  0    Dex: 12    Spells: 10/31 levels left

rFire    . . .     SeeInvis .   q - +4 flail (protect)
rCold    . . .     Gourm    .   (no shield)
rNeg     + . .     Faith    .   J - +1 robe "Onnuy" {rElec Int+4 Dex+2}
rPois    ∞         Spirit   .   g - +2 helmet
rElec    +         Reflect  .   h - +2 cloak
rCorr    .         Harm     .   a - +2 pair of gloves
MR       ++...                  (no boots)
Stlth    ++........             o - amulet of magic regeneration
HPRegen  0.24/turn              f - +1 ring of slaying
MPRegen  0.45/turn              u - ring of protection from magic

@: very slightly contaminated
A: big wings, negative energy resistance 1, electricity resistance, unbreathing,
petrification resistance, rot immunity, AC +10
a: Fly, Renounce Religion


You were in an ice cave.
You worshipped Vehumet.
Vehumet was extremely pleased with you.
You were hungry.

You visited 2 branches of the dungeon, and saw 14 of its levels.
You also visited: Bailey and Ice Cave.

You collected 2309 gold pieces.

Inventory:

Hand Weapons
 c - a +5 dire flail of freezing
 q - a +4 flail of protection (weapon)
 t - a +0 morningstar
Missiles
 p - 11 javelins
 M - 35 stones (quivered)
Armour
 a - a +2 pair of gloves (worn)
 g - a +2 helmet (worn)
 h - a +2 cloak (worn)
 J - the +1 robe "Onnuy" (worn) {rElec Int+4 Dex+2}
   (You found it on level 11 of the Dungeon)

   It affects your intelligence (+4).
   It affects your dexterity (+2).
   It insulates you from electricity.
Magical Staves
 k - an uncursed staff of cold
 E - an uncursed staff of energy
Jewellery
 f - a +1 ring of slaying (left hand)
 l - an uncursed ring of fire
 o - an amulet of magic regeneration (around neck)
 u - a ring of protection from magic (right hand)
Wands
 y - a wand of polymorph (15)
 A - a wand of iceblast (13)
 D - a wand of disintegration (5)
 F - a wand of enslavement (7)
 I - a wand of digging (5)
Scrolls
 i - 3 scrolls of teleportation
 n - 2 scrolls of immolation
 w - 7 scrolls of remove curse
 C - 2 scrolls of amnesia
 G - a scroll of blinking
 H - a scroll of fog
 K - a scroll of enchant armour
 L - 2 scrolls of identify
Potions
 b - 2 potions of might
 e - 2 potions of berserk rage
 j - 3 potions of stabbing
 m - 5 potions of curing
 r - 3 potions of resistance
 v - 2 potions of brilliance
 x - 3 potions of cancellation
 z - 2 potions of lignification
 B - 3 potions of flight
 O - a potion of magic
Comestibles
 d - 17 rations


   Skills:
 + Level 9.4 Fighting
 + Level 8.3 Maces & Flails
 - Level 6.0 Armour
 + Level 7.3 Dodging
 - Level 2.1 Stealth
 + Level 9.1 Spellcasting
 + Level 10.4 Conjurations
   Level 0.7 Transmutations
 * Level 3.8 Fire Magic
 + Level 11.9 Earth Magic
 - Level 6.0 Evocations


You had 10 spell levels left.
You knew the following spells:

 Your Spells              Type           Power        Failure   Level  Hunger
a - Sandblast             Erth           ######       1%          1    None
b - Stone Arrow           Conj/Erth      ######       1%          3    None
c - Lee's Rapid Deconstr  Erth           ######....   1%          5    ####...
d - Mephitic Cloud        Conj/Pois/Air  ####....     1%          3    None
e - Apportation           Tloc           ##....       6%          1    None
f - Dazzling Flash        Conj/Hex       #####.       1%          3    None
g - Bolt of Magma         Conj/Fire/Erth ######....   1%          5    ####...

Your spell library contained the following spells:

 Spells                   Type           Power        Failure   Level  Hunger
 Magic Dart               Conj           ####         1%          1    None
 Passwall                 Tmut/Erth      #####...     1%          2    None
 Searing Ray              Conj           ######       1%          2    None
 Conjure Flame            Conj/Fire      #####...     1%          3    None
 Fulminant Prism          Conj/Hex       #####.....   1%          4    ##.....
 Iskenderun's Mystic Bla  Conj/Tloc      #####...     1%          4    ##.....
 Petrify                  Tmut/Erth      #####...     4%          4    ##.....
 Animate Skeleton         Necr           N/A          6%          1    None
 Corona                   Hex            ##.....      6%          1    None
 Summon Small Mammal      Summ           ##..         6%          1    None
 Poisonous Vapours        Pois/Air       ##....       9%          2    None
 Confusing Touch          Hex            ##......     17%         3    None
 Gell's Gravitas          Tloc           ##........   17%         3    None
 Yara's Violent Unravell  Hex/Tmut       ##........   32%         5    ####...
 Freezing Cloud           Conj/Ice/Air   ####......   45%         6    ######.
 Metabolic Englaciation   Hex/Ice        ##........   85%         5    ####...
 Ring of Flames           Chrm/Fire      ###.......   100%        7    #######


Dungeon Overview and Level Annotations

Branches:
Dungeon (13/15)            Temple (1/1) D:5            Lair (0/6) D:9
    Orc (0/2) D:9          Bailey (visited)           IceCv (1/1)
 Vaults: D:13-14

Altars:
Cheibriados
Dithmenos
Elyvilon
Fedhas
Gozag
Hepliaklqana
Kikubaaqudgha
Makhleb
Nemelex Xobeh
Okawaru
Ru
Sif Muna
Trog
Uskayaw
Vehumet
Xom
Zin
The Shining One

Shops:
D:5 (   D:12 :

Annotations:
D:10 2 transporters, Xydujuca's ghost, journeyman HuWn


Innate Abilities, Weirdness & Mutations

You are resistant to torment.
Your stone body is resilient. (AC +10)
You are immune to poison.
Your large and strong wings let you fly indefinitely.
You resist negative energy. (rN+)
You are resistant to electric shocks. (rElec)
You can survive without breathing.
You are immune to petrification.
You are immune to rotting.


Message History

You hear an angry growl.
Blink to where?
Press: ? - help, Dir - move target cursor, p - frost giant You are very lightly contaminated with residual magic.
As you read the scroll of blinking, it crumbles to dust.
You feel much better.
Casting: Bolt of Magma (safe; 1% risk of failure)
Confirm with . or Enter, or press ? or * to list all spells.
Aiming: Lee's Rapid Deconstruction (safe; 1% risk of failure)
Press: ? - help, Dir - move target cursor An ice covered rock wall.
The wall shatters!
The blast of rock fragments hits the frost giant!
Flame seeps out of the frost giant.
The frost giant is severely wounded.
The frost giant is engulfed in blazing flames.
Flame seeps out of the frost giant.
The frost giant gestures at you while chanting.
The bolt of cold hits you!!
You die...

:# ### $. #[## ###.
#####.=# ##..h
###....### #...C
##...#....###
#.Y.###..####.....##
#hY.##..#####.....###
###..###.#.#####....##
#.C###.@.⌠.# ##....##
###.#.#...## ###...##
##C###### #########..#
### ###....##...##
###...#...%####
###....#######
##...#### ## ####...##
###. #.....## ###..#


You could see a frost giant (inner flame).

Vanquished Creatures
  An ogre mage (D:13)
  Harold (D:8)
  10 two-headed ogres
  2 death yaks (IceCv)
  A deep elf knight (Bailey)
  A wolf spider zombie (D:12)
  Pikel (D:6)
  4 ugly things
  11 deep elf magi
  Maurice (D:9)
  Joseph (D:8)
  A gargoyle (D:13)
  An ice statue (IceCv)
  3 rime drakes
  A komodo dragon (D:10)
  2 trolls
  15 polar bears (IceCv)
  Prince Ribbit (D:8)
  Grinder (D:3)
  8 hippogriffs
  Sigmund (D:3)
  A shadow (D:13)
  A spriggan (D:7)
  29 yaks
  2 wyverns
  3 hungry ghosts
  Edmund (D:6)
  Menkaure (D:5)
  2 vampire mosquitoes (D:12)
  2 orc warriors
  6 porcupines (D:9)
  A black bear (D:11)
  3 ice beasts
  A phantom (D:5)
  3 sky beasts
  5 necrophages
  A slave (D:6)
  19 wolves (IceCv)
  14 ogres
  10 centaurs
  Blork the orc (D:4)
  8 bullfrogs
  A wyvern skeleton (D:8)
  3 scorpions
  9 killer bees
  14 wights
  3 howler monkeys (D:10)
  10 crimson imps
  A bullfrog zombie (D:12)
  5 jellies
  2 centaur zombies
  10 hounds
  5 orc priests
  2 quasits
  3 bullfrog skeletons
  Crazy Yiuf (D:3)
  2 centaur skeletons (D:8)
  11 worker ants
  Terence (D:3)
  4 iguanas
  5 orc wizards
  A mummy (D:12)
  2 worker ant zombies
  3 gnolls (D:5)
  A howler monkey skeleton (D:4)
  18 adders
  2 shadow imps
  An ooze (D:4)
  An adder zombie (D:7)
  4 worms
  A dart slug (D:4)
  7 leopard geckos
  21 orcs
  4 giant cockroaches
  10 goblins
  9 hobgoblins
  10 jackals
  5 quokkas
  11 bats
  5 frilled lizards
  9 kobolds
  2 leopard gecko zombies
  A quokka zombie (D:7)
  11 rats
413 creatures vanquished.

Vanquished Creatures (others)
  A shadow imp (D:12)
  A fungus (D:9)
2 creatures vanquished.

Grand Total: 415 creatures vanquished

Notes
Turn   | Place    | Note
-------+----------+-------------------------------------------
     0 | D:1      | Hartz the Gargoyle Earth Elementalist began the quest for
                  | the Orb.
     0 | D:1      | Reached XP level 1. HP: 10/10 MP: 3/3
   107 | D:1      | Reached XP level 2. HP: 9/15 MP: 5/5
   168 | D:1      | Reached skill level 4 in Earth Magic
   683 | D:1      | You fall into a shaft and drop 1 floor!
  1045 | D:2      | Reached XP level 3. HP: 19/19 MP: 6/6
  1050 | D:2      | Learned a level 3 spell: Stone Arrow
  1668 | D:3      | Reached skill level 1 in Conjurations
  1743 | D:3      | Found a white marble altar of Elyvilon,
  1802 | D:3      | Noticed Sigmund
  1803 | D:3      | Noticed Terence
  1916 | D:3      | Found a runed translucent door,
  1917 | D:3      | Noticed Crazy Yiuf
  1926 | D:3      | Killed Crazy Yiuf
  1926 | D:3      | Reached XP level 4. HP: 11/24 MP: 1/8
  2229 | D:3      | Reached skill level 5 in Earth Magic
  2525 | D:3      | Reached XP level 5. HP: 25/28 MP: 9/9
  2534 | D:3      | Learned a level 5 spell: Lee's Rapid Deconstruction
  2642 | D:3      | Killed Sigmund
  2642 | D:3      | Reached XP level 6. HP: 32/32 MP: 0/11
  2751 | D:3      | Killed Terence
  2817 | D:3      | Noticed Grinder
  2822 | D:3      | Killed Grinder
  2822 | D:3      | Reached skill level 6 in Earth Magic
  2822 | D:3      | Reached XP level 7. HP: 21/36 MP: 3/13
  3318 | D:4      | Noticed Blork the orc
  3372 | D:4      | Killed Blork the orc
  3996 | D:4      | Found a bloodstained altar of Trog,
  4093 | D:5      | Entered Level 5 of the Dungeon
  4093 | D:5      | Found a staircase to the Ecumenical Temple,
  4099 | Temple   | Entered the Ecumenical Temple
  4166 | Temple   | Became a worshipper of Vehumet
  4208 | D:5      | Reached skill level 1 in Maces & Flails
  4208 | D:5      | Reached skill level 1 in Armour
  4208 | D:5      | Reached XP level 8. HP: 36/42 MP: 15/15
  4242 | D:5      | Reached skill level 1 in Fighting
  4258 | D:5      | Reached skill level 7 in Earth Magic
  4258 | D:5      | Reached skill level 1 in Evocations
  4679 | D:5      | Noticed Menkaure
  4686 | D:5      | Killed Menkaure
  4686 | D:5      | Reached skill level 5 in Spellcasting
  4686 | D:5      | Reached skill level 5 in Conjurations
  4736 | D:5      | Found Rateraet's Weapon Shop,
  5063 | D:5      | Reached * piety under Vehumet
  5063 | D:5      | Offered knowledge of Magic Dart by Vehumet.
  5280 | D:6      | Noticed a yak
  5280 | D:6      | Noticed a yak
  5280 | D:6      | Noticed a yak
  5281 | D:6      | Noticed a yak
  5295 | D:6      | Killed a yak
  5295 | D:6      | Reached XP level 9. HP: 20/49 MP: 1/17
  5808 | D:6      | Noticed Edmund
  5816 | D:6      | Killed Edmund
  6195 | D:6      | Noticed Pikel
  6214 | D:6      | Killed Pikel
  6214 | D:6      | Reached skill level 8 in Earth Magic
  6575 | D:7      | Reached XP level 10. HP: 26/56 MP: 15/19
  7072 | D:7      | Found a hazy altar of Hepliaklqana,
  7073 | D:7      | Found a shimmering altar of Xom,
  7074 | D:7      | Noticed a spectral ugly thing
  7155 | D:7      | Learned a level 3 spell: Mephitic Cloud
  7381 | D:7      | Offered knowledge of Shock by Vehumet.
  7387 | D:7      | Reached ** piety under Vehumet
  7581 | D:8      | Noticed Joseph
  7581 | D:8      | Noticed Harold
  7587 | D:8      | Found a blossoming altar of Fedhas,
  7588 | D:8      | Noticed Prince Ribbit
  7698 | D:8      | Killed Prince Ribbit
  7907 | D:8      | Noticed a two-headed ogre
  7934 | D:8      | Killed a two-headed ogre
  7934 | D:8      | Reached skill level 5 in Fighting
  7934 | D:8      | Reached skill level 5 in Armour
  7934 | D:8      | Reached skill level 9 in Earth Magic
  8146 | D:8      | Killed Harold
  8146 | D:8      | Reached XP level 11. HP: 31/64 MP: 2/21
  8207 | D:8      | Killed Joseph
  8511 | D:8      | Reached skill level 5 in Maces & Flails
  8591 | D:9      | Offered knowledge of Static Discharge by Vehumet.
  8650 | D:9      | Found a staircase to the Lair,
  8854 | D:9      | Reached *** piety under Vehumet
  8935 | D:9      | Found a staircase to the Orcish Mines,
  9051 | D:9      | Found an ancient bone altar of Kikubaaqudgha,
  9052 | D:9      | Found a burning altar of Makhleb,
  9163 | D:9      | Learned a level 1 spell: Apportation
  9226 | D:9      | Noticed Maurice
  9246 | D:9      | Killed Maurice
  9620 | D:10     | Entered Level 10 of the Dungeon
  9735 | D:10     | Found a flagged portal,
  9746 | Bailey   | Entered a bailey
  9754 | Bailey   | Noticed a deep elf mage
  9756 | Bailey   | Killed a deep elf mage
  9978 | Bailey   | Noticed a deep elf mage
  9980 | Bailey   | Killed a deep elf mage
  9980 | Bailey   | Reached skill level 5 in Evocations
  9980 | Bailey   | Noticed a deep elf mage
  9981 | Bailey   | Noticed a deep elf mage
  9983 | Bailey   | Killed a deep elf mage
  9983 | Bailey   | Noticed a deep elf mage
  9987 | Bailey   | Killed a deep elf mage
  9987 | Bailey   | Reached skill level 5 in Dodging
  9991 | Bailey   | Killed a deep elf mage
  9993 | Bailey   | Noticed a deep elf mage
  9996 | Bailey   | Killed a deep elf mage
  9996 | Bailey   | Noticed a deep elf mage
  9999 | Bailey   | Killed a deep elf mage
 10106 | Bailey   | Noticed a deep elf knight
 10111 | Bailey   | Killed a deep elf knight
 10111 | Bailey   | Reached skill level 10 in Earth Magic
 10189 | Bailey   | Identified a scroll of acquirement
 10189 | Bailey   | Identified the ring of Twilight {rElec rC- rCorr Int+6
                  | Stlth+} (You acquired it in a bailey)
 10189 | Bailey   | Identified the Collected Works on Translocation (You
                  | acquired it in a bailey)
 10189 | Bailey   | Identified the -3 pair of boots of Wisdom {*Drain rElec
                  | Stlth+} (You acquired it in a bailey)
 10223 | Bailey   | Noticed a deep elf mage
 10223 | Bailey   | Noticed a deep elf mage
 10225 | Bailey   | Killed a deep elf mage
 10225 | Bailey   | Killed a deep elf mage
 10225 | Bailey   | Reached XP level 12. HP: 71/71 MP: 23/23
 10402 | D:10     | Noticed a two-headed ogre
 10651 | D:10     | Learned a level 3 spell: Dazzling Flash
 10676 | D:10     | Offered knowledge of Olgreb's Toxic Radiance by Vehumet.
 10806 | D:10     | Found a transporter,
 10806 | D:10     | Noticed Xydujuca's ghost (journeyman HuWn)
 10808 | D:10     | Noticed a death knight
 10825 | D:10     | Found a transporter,
 10843 | D:10     | Noticed a two-headed ogre
 10850 | D:10     | Killed a two-headed ogre
 10878 | D:10     | Killed a two-headed ogre
 11387 | D:11     | Noticed a two-headed ogre
 11396 | D:11     | Killed a two-headed ogre
 11401 | D:11     | Noticed a two-headed ogre
 11417 | D:11     | Killed a two-headed ogre
 11539 | D:11     | Got an ominously black robe
 11550 | D:11     | Identified the +1 robe "Onnuy" {rElec Int+4 Dex+2} (You
                  | found it on level 11 of the Dungeon)
 11733 | D:11     | Noticed a two-headed ogre
 11738 | D:11     | Killed a two-headed ogre
 12186 | D:11     | Reached **** piety under Vehumet
 12227 | D:12     | Noticed a two-headed ogre
 12237 | D:12     | Killed a two-headed ogre
 12241 | D:11     | Offered knowledge of Hailstorm by Vehumet.
 12509 | D:12     | Reached skill level 11 in Earth Magic
 12512 | D:12     | Reached XP level 13. HP: 76/78 MP: 10/25
 12949 | D:12     | Found Tenin's Book Emporium,
 13279 | D:13     | Reached ***** piety under Vehumet
 13609 | D:13     | Noticed an ogre mage
 13619 | D:13     | Killed an ogre mage
 13625 | D:13     | Reached skill level 10 in Conjurations
 13636 | D:13     | Offered knowledge of Bolt of Magma by Vehumet.
 13644 | D:13     | Learned a level 5 spell: Bolt of Magma
 13721 | D:13     | Found a frozen archway,
 13733 | IceCv    | Entered an ice cave
 13852 | IceCv    | Reached skill level 1 in Fire Magic
 14788 | IceCv    | Gained mutation: Your large and strong wings let you fly
                  | indefinitely. [Gargoyle growth]
 14788 | IceCv    | Reached XP level 14. HP: 39/86 MP: 25/27
 15043 | IceCv    | Noticed a frost giant
 15059 | IceCv    | Killed from afar by a frost giant

Levels and vault maps discovered:
D:1:      lightli_arrival_boilingwater, layout_rooms
D:2:      layout_basic
D:3:      layout_basic, lemuel_coloured_pillars_altar, uniq_crazy_yiuf_cottage,
          uniq_terence, uniq_sigmund, uniq_grinder
D:4:      layout_loops_ring, first_ration, grunt_decor_arrowhead,
          minmay_misc_feat_square, trog_hazing_becter, uniq_blork_the_orc
D:5:      layout_basic, minmay_temple_entry_statues_fountains, serial_shops,
          shop, uniq_menkaure
D:6:      layout_loops_corners, serial_glass, glass_columns_a, glass_columns_a,
          uniq_edmund, uniq_pikel
D:7:      layout_loops_ring, regret_index_temple_of_mockery, the_bakery
D:8:      layout_gridville, old_standard_altar, uniq_prince_ribbit1,
          uniq_joseph, uniq_harold
D:9:      layout_loops_corners, gammafunk_temple_overflow_pools,
          due_lair_maze_entry_diamond, orc_0_dummy, uniq_maurice
D:10:     layout_roguey, gammafunk_ghost_mausoleum, enter_bailey_2,
          kennysheep_generic_room_7
D:11:     layout_basic, kennysheep_doodads
D:12:     layout_cave_pools, serial_undead, serial_undead_d, serial_undead_b,
          serial_undead_d, serial_undead_a, serial_shops,
          nicolae_shop_statue_plus
D:13:     layout_rooms, portal_ice_cave_rime
Temple:   eino_temple_scatter_basement
IceCv:    ice_cave_caverns_01

Skill      XL: |  1  2  3  4  5  6  7  8  9 10 11 12 13 |
---------------+----------------------------------------+-----
Earth Magic    | 4 5 6 7 8 9 10 11 | 11.9
Conjurations   | 1 2 3 4 5 6 7 8 9 10 | 10.4
Spellcasting   | 3 4 5 6 7 8 9 |  9.1
Maces & Flails | 1 2 3 4 6 7 8 |  8.3
Armour         | 1 2 4 5 6 |  6.0
Fighting       | 2 4 5 6 8 9 |  9.4
Dodging        | 2 3 4 5 6 7 |  7.3
Evocations     | 2 3 4 5 6 |  6.0
Fire Magic     | 3 |  3.8
Stealth        | |  2.1
Transmutations | |  0.7

Action                   |  1- 3 |  4- 6 |  7- 9 | 10-12 | 13-15 || total
-------------------------+-------+-------+-------+-------+-------++-------
Melee: Unarmed           |    20 |       |       |       |       ||    20
       Dagger            |    41 |       |       |       |       ||    41
       Short sword       |    88 |    86 |   261 |       |       ||   435
       Flail             |       |       |    68 |   227 |   304 ||   599
 Cast: Sandblast         |    26 |    24 |    86 |   195 |    10 ||   341
       Stone Arrow       |     1 |     2 |     9 |    38 |    43 ||    93
       Lee's Rapid Decon |       |       |     6 |    24 |    29 ||    59
       Mephitic Cloud    |       |       |       |     1 |     1 ||     2
       Dazzling Flash    |       |       |       |     2 |     3 ||     5
       Bolt of Magma     |       |       |       |       |     6 ||     6
Evoke: Wand              |       |       |       |    18 |       ||    18
  Use: Scroll            |     8 |     1 |     8 |    17 |     6 ||    40
       Potion            |     3 |     1 |       |       |     3 ||     7
 Stab: Sleeping          |     2 |     1 |     9 |     6 |       ||    18
       Confused          |       |       |       |       |     3 ||     3
       Invisible         |       |       |       |       |     1 ||     1
  Eat: Chunk             |     3 |     3 |    15 |    23 |    11 ||    55
       Ration            |       |       |       |     3 |     1 ||     4
Armor: Robe              |    49 |    35 |   147 |   223 |   227 ||   681
Dodge: Dodged            |    97 |    66 |   228 |   285 |   394 ||  1070

Table legend:
 A = Non-vault XP
 B = Vault XP
 C = Vault XP percentage of total XP
 D = Non-vault monster count
 E = Vault monster count
 F = Vault count percentage of total count
                 A         B        C        D         E       F
            +---------+---------+-------+---------+---------+-------
      Total |   31208 |   25049 |  44.5 |     309 |     103 |  25.0
            +---------+---------+-------+---------+---------+-------
        D:1 |      28 |       0 |   0.0 |      19 |       0 |   0.0
        D:2 |      43 |       0 |   0.0 |      20 |       0 |   0.0
        D:3 |      67 |     574 |  89.5 |      25 |       4 |  13.8
        D:4 |     371 |     105 |  22.1 |      23 |       7 |  23.3
        D:5 |     892 |     169 |  15.9 |      23 |       1 |   4.2
        D:6 |    1363 |     757 |  35.7 |      20 |       2 |   9.1
        D:7 |    1929 |     215 |  10.0 |      29 |       1 |   3.3
        D:8 |    2822 |    1700 |  37.6 |      26 |       3 |  10.3
        D:9 |     488 |    1519 |  75.7 |      13 |      10 |  43.5
       D:10 |    4357 |       0 |   0.0 |      28 |       0 |   0.0
       D:11 |    6908 |     240 |   3.4 |      34 |       2 |   5.6
       D:12 |    5038 |    1139 |  18.4 |      23 |       9 |  28.1
       D:13 |    6902 |     728 |   9.5 |      26 |       2 |   7.1
     Bailey |       0 |    5784 | 100.0 |       0 |      10 | 100.0
      IceCv |       0 |   12119 | 100.0 |       0 |      52 | 100.0
            +---------+---------+-------+---------+---------+-------
